Map: Dusk Towers

Players

LilDicky

  • Race: Terran Terran
  • League: Diamond

keelar - Winner!

  • Race: Zerg Zerg
  • League: Diamond

VOD

http://www.twitch.tv/tumescentpie

Description

Time

  • Played on: Nov. 28, 2015, 2:37 a.m.
  • Length: 8:35
Show
View Real Time Build Order
Export as new Build Order

LilDicky Terran 

Build Orders:  

Get SALT Encoding   

  12  0:01  SCV  
  13  0:13  SCV  
  14  0:18  Supply Depot  
  14  0:25  SCV  
  15  0:30  Refinery  
  15  0:39  SCV  
  16  0:45  Barracks  
  16  0:51  SCV  
  17  1:03  SCV  
  18  1:15  SCV  
  19  1:28  Barracks  
  19  1:32  Reaper  
  21  1:34  Supply Depot, Orbital Command  
  20  1:46  Barracks  
  20  2:02  Refinery  
  20  2:04  Reaper  
  21  2:09  SCV  
  22  2:19  Supply Depot, Reaper  
  22  2:21  SCV  
  24  2:33  Reaper  
  24  2:34  SCV  
  24  2:36  Reaper  
  27  2:51  Reaper  
  28  3:10  Reaper x2  
  30  3:17  SCV  
  31  3:23  Reaper  
  32  3:27  Supply Depot  
  32  3:30  Command Center  
  31  3:42  Reaper  
  32  4:00  Reaper x2  
  30  4:14  Reaper  
  30  4:15  SCV  
  32  4:22  Barracks x3  
  32  4:23  Supply Depot  
  32  4:32  Reaper x2  
  34  4:42  Refinery x2  
  34  4:47  Reaper  
  33  5:04  Reaper x2  
  33  5:17  Marine x3  
  33  5:19  Reaper  
  34  5:35  Marine  
  35  5:36  Reaper  
  30  6:05  SCV x2  
  31  6:17  SCV x2  
  33  6:20  Barracks Tech Lab x2  
  27  6:29  SCV  
  27  6:31  Barracks Tech Lab x4  
  29  6:33  Orbital Command  
  28  6:40  Command Center  
  28  6:41  SCV  
  29  6:50  Marauder x5  
  29  6:51  Marauder  
  29  6:53  SCV  
  42  7:05  SCV  
  42  7:07  Supply Depot  
  42  7:11  Marauder x2  
  48  7:15  Marauder  
  48  7:16  Marauder  
  48  7:20  SCV  
  49  7:28  Concussive Shells  
  49  7:33  Marauder  
  50  7:39  Marauder  
  50  7:41  Marine  
  50  7:42  SCV x2  
  55  7:48  Supply Depot  
  55  7:58  SCV x2  
  57  7:59  Marauder  
  59  8:08  Engineering Bay  
Show
View Real Time Build Order
Export as new Build Order

keelar Zerg - Winner!

Build Orders: Hatch First 

Get SALT Encoding   

  12  0:01  Drone  
  13  0:12  Overlord  
  13  0:17  Drone  
  14  0:30  Drone  
  14  0:31  Drone  
  14  0:35  Drone  
  17  1:00  Hatchery  
  17  1:03  Drone  
  17  1:04  Drone  
  18  1:08  Drone  
  19  1:17  Spawning Pool  
  18  1:20  Drone  
  19  1:28  Drone  
  20  1:39  Drone  
  21  1:46  Extractor  
  20  1:50  Drone  
  21  2:05  Roach Warren, Queen  
  22  2:13  Zergling x2  
  22  2:14  Queen  
  25  2:16  Drone x2  
  27  2:25  Overlord  
  27  2:28  Overlord  
  27  2:48  Roach x2  
  27  2:50  Roach x2  
  35  2:54  Queen  
  37  3:00  Roach  
  37  3:04  Drone, Extractor  
  39  3:23  Overlord  
  39  3:25  Drone x2  
  41  3:35  Hatchery  
  41  3:38  Roach x2  
  44  3:41  Overlord  
  42  3:55  Roach x4  
  45  4:05  Roach  
  45  4:13  Drone x5  
  48  4:27  Drone x5  
  53  4:35  Lair  
  53  4:37  Drone  
  54  4:52  Drone x3  
  57  4:53  Drone x4  
  57  4:57  Drone  
  62  5:01  Extractor  
  61  5:13  Ravager  
  62  5:21  Drone  
  63  5:22  Roach  
  63  5:43  Ravager  
  63  5:46  Ravager  
  63  6:01  Drone x3  
  63  6:02  Drone x5  
  60  6:17  Glial Reconstitution  
  58  6:23  Evolution Chamber  
  57  6:25  Evolution Chamber  
  57  6:28  Roach x5  
  57  6:30  Overlord x5  
  64  6:33  Extractor  
  64  6:35  Drone, Extractor  
  64  6:36  Drone, Extractor  
  64  6:38  Overlord x2  
  63  6:46  Hatchery  
  63  6:47  Queen  
  62  6:53  Drone x6  
  62  6:54  Drone x3  
  73  7:15  Roach x5  
  83  7:16  Roach  
  85  7:33  Roach x6  
  85  7:34  Roach x3  
  103  7:49  Infestation Pit  
  103  7:50  Drone  
  103  7:51  Drone x2, Hydralisk Den  
  105  7:52  Spire  
  105  7:54  Drone x2  
  105  7:55  Drone, Overlord x3  
  106  7:58  Hatchery  
  106  8:00  Spore Crawler  
  106  8:02  Overseer  
  104  8:12  Ravager  
  104  8:13  Ravager x2  
  104  8:15  Ravager  
  104  8:16  Ravager  
  107  8:25  Ravager  
  108  8:27  Ravager  
  108  8:30  Ravager  
  108  8:32  Ravager  
Tags
 
Add a new tag
Caveats
  • Supply blocks, unpowered buildings, or Contaminate may cause inaccurate times.
  • Supply counts are checked every 10 seconds.